 Dungeon Crawl Stone Soup version 0.29.1-15-g9cfb28693d (webtiles) character file.

Game seed: 9290408885966261275

47 Heoruswealwe the Caller (level 3, 0/19 HPs)
             Began as a Deep Elf Summoner on Feb 21, 2023.
             Killed from afar by Natasha (5 damage)
             ... with a magic dart
             ... on level 2 of the Dungeon.
             The game lasted 00:13:57 (1384 turns).

Heoruswealwe the Caller (Deep Elf Summoner)         Turns: 1384, Time: 00:14:01

Health: 0/19       AC:  2    Str:  5    XL:     3   Next: 48%
Magic:  10/10      EV: 12    Int: 21    God:
Gold:   35         SH:  0    Dex: 15    Spells: 6/10 levels left

rFire   . . .      SeeInvis .   h - +0 spear
rCold   . . .      Faith    .   (no shield)
rNeg    . . .      Spirit   .   a - +0 robe
rPois   .          Reflect  .   d - +0 hat
rElec   .          Harm     .   (no cloak)
rCorr   .          Rampage  .   (no gloves)
Will    .....                   (no boots)
Stlth   ++........              n - amulet of magic regeneration
HPRegen 0.06/turn               (no ring)
MPRegen 0.52/turn               (no ring)

@: no status effects
A: no striking features
a: no special abilities


You were on level 2 of the Dungeon.
You visited 1 branch of the dungeon, and saw 2 of its levels.

You collected 35 gold pieces.

Inventory:

Hand Weapons
 h - a +0 spear (weapon)
 k - a +0 whip
 o - a +0 whip
 p - a +0 spear
Missiles
 c - 11 boomerangs
 j - 18 stones
 l - 2 poisoned darts
Armour
 a - a +0 robe (worn)
 d - a +0 hat (worn)
Jewellery
 n - an amulet of magic regeneration (around neck)
Scrolls
 e - a scroll of torment
 f - a scroll of butterflies
 g - a scroll of teleportation
 i - a scroll of magic mapping
Potions
 b - a potion of magic


   Skills:
 - Level 2.4 Dodging
 - Level 2.4 Stealth
 + Level 4.3 Spellcasting
 + Level 5.1 Summonings


You had 6 spell levels left.
You knew the following spells:

 Your Spells              Type           Power      Damage    Failure   Level
a - Summon Small Mammal   Summ           100%       N/A       1%          1
b - Call Canine Familiar  Summ           26%        N/A       4%          3

Your spell library contained the following spells:

 Spells                   Type           Power      Damage    Failure   Level
 Call Imp                 Summ           26%        N/A       1%          2
 Summon Guardian Golem    Hex/Summ       15%        N/A       12%         3
 Gell's Gravitas          Tloc           4%         N/A       34%         3
 Lesser Beckoning         Tloc           4%         N/A       34%         3
 Teleport Other           Tloc           4%         N/A       34%         3
 Summon Lightning Spire   Summ/Air       15%        N/A       36%         4


Dungeon Overview and Level Annotations

Branches:
Dungeon (2/15)

Altars:

Annotations:
D:2 Natasha


Message History

The quokka bites you but does no damage.
Your hound barely misses the quokka.
You hit the quokka but do no damage.
The quokka is severely wounded.
The quokka bites you.
Your hound bites the quokka.
You hit the quokka but do no damage.
The quokka is almost dead.
Your hound bites the quokka.
The quokka dies!
You swap places.
Found a scroll labelled ZOFOUBL RORACS.
Found a There-And-Back Book.
The quokka twitches its whiskers.
You swap places.
The quokka bites your hound.
Your hound misses the quokka.
Your hound bites the quokka.
The quokka bites your hound.
Your hound bites the quokka.
The quokka dies!
You swap places.
Natasha, Servant of Life and Death comes into view.
Found a scroll labelled MUOCSI VORROPP.
Natasha hisses angrily.
Your hound closely misses Natasha.
Natasha closely misses you.
Your hound closely misses Natasha.
You hit Natasha.
Natasha is lightly wounded.
Your hound bites Natasha but does no damage.
Natasha stares at you and mumbles some strange words.
The magic dart hits you!
* * * LOW HITPOINT WARNING * * *
You hit Natasha.
Natasha is lightly wounded.
Your hound bites Natasha.
Natasha barely misses you.
Your hound barely misses Natasha.
You barely miss Natasha.
Natasha is moderately wounded.
Your hound bites Natasha.
Natasha howls an incantation.
Natasha's front paws start to glow.
Natasha stares at you and mumbles some strange words.
The magic dart hits you.
You die...

#############
##..?h.#.....##
##....h@.......#
#..............:
#...............
#..?............
#...............
#.......†.......
##.............#
##...........##
######.######


You could see Natasha (ally target) and a friendly hound (summoned).

Vanquished Creatures
  An endoplasm (D:1)
  2 giant cockroaches (D:1)
  A quokka (D:1)
  A bat (D:1)
5 creatures vanquished.

Vanquished Creatures (collateral kills)
  An adder (D:2)
  3 dart slugs (D:1)
  4 ball pythons (D:1)
  3 endoplasms (D:1)
  A giant cockroach (D:1)
  2 hobgoblins (D:1)
  3 quokkas
  3 bats
  2 kobolds (D:1)
  2 rats
24 creatures vanquished.

Grand Total: 29 creatures vanquished

Notes
Turn   | Place    | Note
-------+----------+-------------------------------------------
     0 | D:1      | Heoruswealwe the Deep Elf Summoner began the quest for the
                  | Orb.
     0 | D:1      | Reached XP level 1. HP: 10/10 MP: 6/6
   301 | D:1      | Reached XP level 2. HP: 12/15 MP: 5/8
   841 | D:1      | Reached skill level 5 in Summonings
   857 | D:1      | Reached XP level 3. HP: 3/19 MP: 10/10
   866 | D:1      | Learned a level 3 spell: Call Canine Familiar
  1375 | D:2      | Noticed Natasha
  1384 | D:2      | Killed from afar by Natasha

Illustrated notes

Levels and vault maps discovered:
D:1:      saegor_arrival_simple_a, layout_loops_corners
D:2:      layout_rooms, basic_ecumenical_altar, uniq_natasha

Skill      XL: |  1  2 |
---------------+-------+-----
Spellcasting   | 4 |  4.3
Summonings     | 5 |  5.1
Dodging        | |  2.4
Stealth        | |  2.4

Action                   || total
-------------------------++-------
Melee: Spear             ||    27
 Cast: Summon Small Mamm ||    24
       Call Canine Famil ||     5
  Use: Scroll            ||     5
 Stab: Sleeping          ||     2
Armor: Robe              ||     9
Dodge: Dodged            ||    25
